 Dungeon Crawl Stone Soup version 0.26-a0-1107-g6118521029 (webtiles) character file.

Game seed: 13417028127890448532

11 Dracia the Skirmisher (level 2, 24/24 HPs)
             Began as a Demonspawn Abyssal Knight on Dec 16, 2020.
             Was a Follower of Lugonu.
             Got out of the dungeon alive.
             The game lasted 00:00:45 (460 turns).

Dracia the Skirmisher (Demonspawn Abyssal Knight)    Turns: 460, Time: 00:00:45

Health: 24/24      AC:  3    Str: 12    XL:     2   Next: 17%
Magic:  4/4        EV: 11    Int: 13    God:    Lugonu [*.....]
Gold:   19         SH:  0    Dex: 12    Spells: 1/1 levels left

rFire    . . .     SeeInvis .   a - +1 falchion
rCold    . . .     Faith    .   (no shield)
rNeg     . . .     Spirit   .   b - +0 leather armour
rPois    .         Reflect  .   (no helmet)
rElec    .         Harm     .   (no cloak)
rCorr    .         Rampage  .   (no gloves)
Will     .....                  (no boots)
Stlth    +.........             (no amulet)
HPRegen  0.08/turn              (no ring)
MPRegen  0.09/turn              (no ring)

@: no status effects
A: claws 1
a: Depart the Abyss, Renounce Religion


You escaped.
You worshipped Lugonu.
Lugonu was aware of your devotion.
You visited 1 branch of the dungeon, and saw 1 of its levels.
You visited the Abyss 1 time.

You collected 19 gold pieces.


Innate Abilities, Weirdness & Mutations

You have sharp fingernails.


   Skills:
 - Level 3.0 Fighting
 * Level 2.3 Long Blades
 - Level 1.7 Armour
 - Level 0.8 Dodging
 + Level 2.9 Invocations


You had one spell level left.
You didn't know any spells.
Your spell library was empty.

Inventory:

Hand Weapons
 a - a +1 falchion (weapon)
Armour
 b - a +0 leather armour (worn)
Scrolls
 c - a scroll of identify {unknown}
Potions
 d - a potion of degeneration {unknown}

Dungeon Overview and Level Annotations

Branches:
Dungeon (1/15)

Altars:

....÷...÷......#''#
.........(...###..#
..)(......######''###
...÷........##......#
.........##.##.≈≈≈≈.#
..........#.##.≈≈≈≈.#
............##......#
.........#...###''###
......#####...##@.###
#.....# #....####.#
##....# #[........#
.#.(..# #.........#
##.#### #####..####
#..# ##..# ...# ####
####


There were no monsters in sight!


Message History

Okay, then.
Unknown command.
Okay, then.
A goblin comes into view. It is wielding a +0 dagger.
The bat hits you but does no damage.
Found a stone staircase leading down.
You see here a club.
The bat hits you. The bat hits you but does no damage.
Found 11 gold pieces.
The bat hits you but does no damage. The bat hits you but does no damage. x2
The bat misses you.
You riposte.
You hit the bat.
The bat is severely wounded.
The bat barely misses you.
You riposte.
You hit the bat.
You kill the bat!
Lugonu accepts your kill.
You can now depart the Abyss.
Things that are here:
a +0 dagger; a kobold skeleton; a goblin skeleton You see here a hobgoblin skeleton.
You see here a rat skeleton.
Sorry, I don't know how to traverse that place.
There is a large open door here.
There is a large open door here.
There is a large open door here.
There is a staircase leading out of the dungeon here.
Are you sure you want to leave the Dungeon?
This will make you lose the game!
Alright, then stay!
Are you sure you want to leave the Dungeon?
This will make you lose the game!
You have escaped!

Skill      XL: |  1 |
---------------+----+-----
Long Blades    | 2 |  2.3
Fighting       | |  3.0
Armour         | |  1.7
Dodging        | |  0.8
Invocations    | |  2.9

Action                   || total
-------------------------++-------
Melee: Falchion          ||    21
Invok: Depart the Abyss  ||     1
Armor: Leather armour    ||    11
Dodge: Dodged            ||    20
       Rpst.: Falchion   ||    10

Levels and vault maps discovered:
D:1:      lightli_arrival_lavapool, layout_rooms, amethyst_killhole

Notes
Turn   | Place    | Note
-------+----------+-------------------------------------------
     0 | Abyss:1  | Dracia the Demonspawn Abyssal Knight began the quest for
                  | the Orb.
     0 | Abyss:1  | Reached XP level 1. HP: 18/18 MP: 2/2
    36 | Abyss:1  | Noticed a wretched star
    37 | D:1      | You pass through the gate.
    37 | D:1      | Escaped the Abyss
   127 | D:1      | Reached skill level 2 in Long Blades
   343 | D:1      | Gained mutation: You have sharp fingernails. [demonic
                  | ancestry]
   343 | D:1      | Reached XP level 2. HP: 24/24 MP: 4/4
   432 | D:1      | Reached * piety under Lugonu
   460 | D:$      | Got out of the dungeon alive.

Vanquished Creatures
  A dart slug (D:1)
  A bat (D:1)
  A goblin (D:1)
  A hobgoblin (D:1)
  4 kobolds (D:1)
  A rat (D:1)
9 creatures vanquished.

Table legend: (Time is in decaauts)
 A = Elapsed time spent in this place.
 B = Non-inter-level travel time spent in this place.
 C = Inter-level travel time spent in this place.
 D = Time resting spent in this place.
 E = Time spent auto-exploring this place.
 F = Levels seen in this place.
 G = Mean time per level.
                   A        B        C        D        E       F      G
               +--------+--------+--------+--------+--------+-----+--------+
         Total |    464 |    438 |     26 |    161 |    218 |   2 |  232.0 |
       Dungeon |    427 |    401 |     26 |    161 |    182 |   1 |  427.0 |
         Abyss |     37 |     37 |      0 |      0 |     36 |   1 |   37.0 |
               +--------+--------+--------+--------+--------+-----+--------+

Top non-repeatable levels by time:
     D:1: 427 daAuts
 Abyss:1: 37 daAuts

Table legend:
 A = Non-vault XP
 B = Vault XP
 C = Vault XP percentage of total XP
 D = Non-vault monster count
 E = Vault monster count
 F = Vault count percentage of total count
                 A         B        C        D         E       F
            +---------+---------+-------+---------+---------+-------
      Total |      17 |       0 |   0.0 |       9 |       0 |   0.0
            +---------+---------+-------+---------+---------+-------
        D:1 |      17 |       0 |   0.0 |       9 |       0 |   0.0
            +---------+---------+-------+---------+---------+-------
